 Dungeon Crawl Stone Soup version 0.27-a0-1434-g6f15984924 (webtiles) character file.

Game seed: 62351233716728515

35 AarnesTheHuman the Skirmisher (level 3, -10/30 HPs)
             Began as a Barachi Fighter on July 3, 2021.
             Mangled by an ogre (14 damage)
             ... on level 2 of the Dungeon.
             The game lasted 00:02:37 (1252 turns).

AarnesTheHuman the Skirmisher (Barachi Fighter)     Turns: 1252, Time: 00:02:37

Health: -10/30     AC:  9    Str: 18    XL:     3   Next: 35%
Magic:  3/3        EV:  7    Int:  8    God:
Gold:   64         SH:  9    Dex: 11    Spells: 2/2 levels left

rFire    . . .     SeeInvis .   a - +0 trident
rCold    . . .     Faith    .   c - +0 kite shield
rNeg     . . .     Spirit   .   b - +0 scale mail
rPois    .         Reflect  .   (no helmet)
rElec    .         Harm     .   (no cloak)
rCorr    .         Rampage  .   e - +0 pair of gloves
Will     .....                  g - +0 pair of boots
Stlth    ..........             (no amulet)
HPRegen  0.10/turn              (no ring)
MPRegen  0.08/turn              (no ring)

@: mighty, unable to hop, slow
A: amphibious, slowness 1, strong legs 1, +LOS
a: Hop


You were on level 2 of the Dungeon.
You visited 1 branch of the dungeon, and saw 2 of its levels.

You collected 64 gold pieces.

Inventory:

Hand Weapons
 a - a +0 trident (weapon)
Missiles
 f - 6 atropa-tipped darts
Armour
 b - a +0 scale mail (worn)
 c - a +0 kite shield (worn)
 e - a +0 pair of gloves (worn)
 g - a +0 pair of boots (worn)
Scrolls
 h - a scroll of identify {unknown}
Potions
 d - a potion of might


   Skills:
 + Level 4.1 Fighting
 + Level 2.4 Polearms
 + Level 4.1 Armour
 + Level 3.7 Shields


You had 2 spell levels left.
You didn't know any spells.
Your spell library contained the following spells:

 Spells                   Type           Power      Damage    Failure   Level
 Passwall                 Tmut/Erth      0%         N/A       100%        2
 Dazzling Flash           Conj/Hex       0%         N/A       100%        3
 Swiftness                Air            0%         N/A       100%        3
 Summon Ice Beast         Ice/Summ       0%         N/A       100%        4
 Agony                    Necr           0%         N/A       100%        5
 Silence                  Hex/Air        0%         N/A       100%        5
 Summon Mana Viper        Hex/Summ       0%         N/A       100%        5
 Invisibility             Hex            0%         N/A       100%        6
 Monstrous Menagerie      Summ           0%         N/A       100%        7


Dungeon Overview and Level Annotations

Branches:
Dungeon (2/15)

Altars:


Innate Abilities, Weirdness & Mutations

You are amphibious.
You cover ground slowly.
You can hop short distances.
You have an extended range of vision and can be seen from far away.


Message History

A bat is nearby!
You closely miss the bat. The bat hits you but does no damage.
You reach to attack!
You puncture the bat!
You kill the bat!
An ogre comes into view. It is wielding a +0 giant club.
The ogre moves out of view.
No target in view!
No target in view!
No target in view!
The ogre shouts!
You see here 2 scrolls labelled DAILITZYGE.
An ogre is nearby!
You reach to attack!
You hit the ogre.
The ogre is lightly wounded.
You block the ogre's attack.
Your scale mail prevents you from hitting the ogre.
The ogre is lightly wounded.
The ogre hits you with a +0 giant club!!
Ouch! That really hurt!
You are too injured to fight recklessly!
Hop to where?
Press: ? - help, Dir - move target, p - ogre Boing!
You see here a worm corpse.
Press: ? - help, v - describe, . - travel A dispersal trap.
Really walk into that dispersal trap?
You enter a dispersal trap!
The ogre blinks! x2; You blink.
An adder comes into view.
The adder hisses angrily.
You feel very mighty all of a sudden. The ogre hits you with a +0 giant club!
* * * LOW HITPOINT WARNING * * *
You puncture the ogre!
The ogre is heavily wounded.
You block the ogre's attack.
You puncture the ogre!
The ogre is almost dead.
The ogre hits you with a +0 giant club!
You die...

..# ## #..... #.....## ... .#
..... ####...#.## #.#. .#
.#.... #......#... ... .#
....# #.# #...... #.. .# #...#
#.###...P## ..#..##.# #...#
#......♣... #.......# #...#
#...♣PP♣♣♣P #?# #SO.# #)P.♣♣♣♣
♣P #
#.########.@.#####....♣♣PP♣♣
#.#.##............^......P.P..
#.........†...................
#....................#...#..##
#.###.######...###########.###
... #.# #...# # # ♣##. #.#
#...# ####.# # # ..# #...#
#<...### ### #...# ####.#####.


You could see an ogre and an adder.

Vanquished Creatures
  A worm (D:2)
  A dart slug (D:2)
  6 endoplasms
  2 giant cockroaches (D:1)
  3 hobgoblins (D:1)
  2 kobolds
  A quokka (D:2)
  A ball python (D:2)
  4 bats
  4 goblins
  2 rats (D:1)
27 creatures vanquished.

Vanquished Creatures (others)
  3 plants (D:2)
3 creatures vanquished.

Grand Total: 30 creatures vanquished

Notes
Turn   | Place    | Note
-------+----------+-------------------------------------------
     0 | D:1      | AarnesTheHuman the Barachi Fighter began the quest for the
                  | Orb.
     0 | D:1      | Reached XP level 1. HP: 18/18 MP: 1/1
   203 | D:1      | Reached XP level 2. HP: 23/25 MP: 2/2
  1044 | D:2      | Reached XP level 3. HP: 30/30 MP: 3/3
  1233 | D:2      | Noticed an ogre
  1252 | D:2      | Mangled by an ogre

Illustrated notes

Levels and vault maps discovered:
D:1:      nzn_arrival_water_spiral, layout_loops_corners,
          minmay_misc_feat_more_columns
D:2:      layout_loops_cross, serial_forest, infiniplex_forest_straight_1,
          infiniplex_forest_clump_long, infiniplex_forest_clump_double,
          infiniplex_forest_zigzag_1, grunt_ministairs_2

Skill      XL: |  1  2 |
---------------+-------+-----
Armour         | 4 |  4.1
Fighting       | 4 |  4.1
Polearms       | |  2.4
Shields        | |  3.7

Action                   || total
-------------------------++-------
Melee: Trident           ||   101
 Abil: Hop               ||     1
  Use: Potion            ||     1
Armor: Scale mail        ||    34
Dodge: Dodged            ||    27
Block: Kite shield       ||    36

Table legend: (Time is in decaauts)
 A = Elapsed time spent in this place.
 B = Non-inter-level travel time spent in this place.
 C = Inter-level travel time spent in this place.
 D = Time resting spent in this place.
 E = Time spent auto-exploring this place.
 F = Levels seen in this place.
 G = Mean time per level.
                   A        B        C        D        E       F      G
               +--------+--------+--------+--------+--------+-----+--------+
         Total |   1474 |   1361 |    113 |      0 |   1097 |   2 |  737.0 |
       Dungeon |   1474 |   1361 |    113 |      0 |   1097 |   2 |  737.0 |
               +--------+--------+--------+--------+--------+-----+--------+

Top non-repeatable levels by time:
     D:1: 1216 daAuts
     D:2: 258 daAuts
